 Dungeon Crawl Stone Soup version 0.31.0-32-g396128a36d (webtiles) character file.

Game seed: 13780084878687420467

251507 belegose the Summoner (level 19, 42/126 HPs)
             Began as a Demonspawn Brigand on Apr 14, 2024.
             Was a High Priest of Hepliaklqana.
             Quit the game on level 1 of the Vaults on Apr 24, 2024.
             The game lasted 07:25:07 (66185 turns).

belegose the Summoner (Demonspawn Brigand)         Turns: 66185, Time: 07:25:08

Health: 42/126     AC: 11    Str: 11    XL:     19   Next: 33%
Magic:  5/31       EV: 35    Int: 20    God:    Hepliaklqana [*****.]
Gold:   2528       SH:  7    Dex: 17    Spells: 7/34 levels left

rFire   . . .        b - +3 scimitar (flame)
rCold   + . .        j - +0 buckler
rNeg    + . .        d - +2 leather armour of Berr {rElec rC+ Regen+ Dex+2}
rPois   .            g - +2 helmet
rElec   +            c - +0 cloak
rCorr   .            D - +0 pair of gloves
SInv    .            (boots unavailable)
Will    +....        W - amulet of the acrobat
Stlth   ++++         y - ring of positive energy
HPRegen 1.21/turn    e - ring of wizardry
MPRegen 0.44/turn

%: acrobat, guardian spirit, wizardry (x1)
@: acrobatic
A: reduced essence, hooves 3, repulsion field 2, powered by death 3, magic
shield, magic regeneration, corrupting presence 1
}: 1/15 runes: decaying
a: Renounce Religion, Recall Ancestor, Ancestor Identity, Transference, Idealise


You were on level 1 of the Vaults.
You worshipped Hepliaklqana.
Hepliaklqana was extremely pleased with you.
You visited 8 branches of the dungeon, and saw 35 of its levels.
You also visited: Ossuary.

You collected 4399 gold pieces.
You spent 1871 gold pieces at shops.

Inventory:

Hand Weapons
 a - a +2 dagger of venom
 b - a +3 scimitar of flaming (weapon)
Missiles
 G - 2 throwing nets
 I - 32 poisoned darts (quivered)
 J - 4 boomerangs
 X - 3 silver javelins
Armour
 c - a +0 cloak (worn)
 d - the +2 leather armour of Berr (worn) {rElec rC+ Regen+ Dex+2}
   (You found it on level 2 of the Elven Halls)

   Dex+2:     It affects your dexterity (+2).
   rC+:       It protects you from cold.
   rElec:     It insulates you from electricity.
   Regen+:    It increases your rate of health regeneration.
 g - a +2 helmet (worn)
 j - a +0 buckler (worn)
 D - a +0 pair of gloves (worn)
Jewellery
 e - a ring of wizardry (right hand)
 f - a ring of protection from cold
 m - a ring of protection from fire
 n - the ring of Mistrust {Dex+3 SInv}
   (You took it off a deep elf demonologist on level 3 of the Elven Halls)

   [ring of see invisible]

   Dex+3:     It affects your dexterity (+3).
   SInv:      It lets you see invisible.
 v - the ring of Dugewn {Fly Dex+3}
   (You took it off a deep elf elementalist on level 3 of the Elven Halls)

   [ring of flight]

   Dex+3:     It affects your dexterity (+3).
   Fly:       It grants you flight.
 w - a ring of poison resistance
 y - a ring of positive energy (left hand)
 z - the ring "Buyrgh" {*Slow Will+ rCorr Int+3 Dex+3}
   (You bought it in a shop on level 15 of the Dungeon)

   [ring of willpower]

   Int+3:     It affects your intelligence (+3).
   Dex+3:     It affects your dexterity (+3).
   Will+:     It increases your willpower.
   rCorr:     It protects you from acid and corrosion.
   *Slow:     It may slow you when you take damage.
 W - an amulet of the acrobat (around neck)
Wands
 h - a wand of quicksilver (6)
 x - a wand of charming (25)
 H - a wand of flame (46)
 S - a wand of roots (20)
 Z - a wand of digging (4)
Scrolls
 l - a scroll of revelation
 t - 5 scrolls of blinking
 B - 2 scrolls of identify
 C - 6 scrolls of fog
 E - a scroll of summoning
 L - 6 scrolls of fear
 Q - 6 scrolls of teleportation
 T - 2 scrolls of poison
Potions
 i - 4 potions of might
 p - 7 potions of haste
 q - 6 potions of lignification
 r - 5 potions of resistance
 s - 2 potions of cancellation
 A - 3 potions of magic
 F - 23 potions of curing
 K - 2 potions of invisibility
 N - 2 potions of mutation
 O - 5 potions of enlightenment
 P - 2 potions of berserk rage
 Y - 6 potions of heal wounds
Miscellaneous
 o - a phial of floods


   Skills:
 * Level 10.0 Fighting
 - Level 4.0(7.3) Short Blades
 - Level 9.6(10.0) Long Blades
 - Level 7.1 Throwing
 - Level 7.0 Armour
 - Level 10.0 Dodging
 - Level 10.0 Stealth
 - Level 10.0 Shields
 - Level 8.0 Spellcasting
 - Level 11.0 Hexes
 - Level 11.0 Summonings
 - Level 11.0 Necromancy
 - Level 5.0 Translocations
 - Level 11.0 Earth Magic
 - Level 10.0 Invocations
 - Level 10.0 Evocations


You had 7 spell levels left.
You knew the following spells:

 Your Spells              Type           Power      Damage    Failure   Level
a - Borgnjor's Vile Clut  Necr/Erth      25%        N/A       1%          5
b - Call Canine Familiar  Summ           51%        N/A       1%          3
c - Summon Mana Viper     Hex/Summ       51%        N/A       1%          5
d - Blink                 Tloc           56%        N/A       1%          2
e - Lee's Rapid Deconstr  Erth           25%        3d14*     1%          5
f - Tukima's Dance        Hex            51%        N/A       1%          3
g - Dispel Undead         Necr           51%        3d19      1%          4

Your spell library contained the following spells:

 Spells                   Type           Power      Damage    Failure   Level
 Kiss of Death            Conj/Necr      100%       2d13      1%          1
 Necrotise                Necr           100%       1d9       1%          1
 Call Imp                 Summ           100%       N/A       1%          2
 Cigotuvi's Dreadful Rot  Necr/Alch/Air  44%        N/A       1%          2
 Ensorcelled Hibernation  Hex/Ice        60%        N/A       1%          2
 Jinxbite                 Hex            100%       N/A       1%          2
 Lesser Beckoning         Tloc           56%        N/A       1%          2
 Sublimation of Blood     Necr           51%        N/A       1%          2
 Confusing Touch          Hex            51%        N/A       1%          3
 Inner Flame              Hex/Fire       30%        N/A       1%          3
 Passwall                 Erth           51%        N/A       1%          3
 Sigil of Binding         Hex            51%        N/A       1%          3
 Summon Ice Beast         Ice/Summ       30%        N/A       1%          3
 Vampiric Draining        Necr           51%        2d9       1%          3
 Animate Armour           Summ/Erth      100%       N/A       1%          4
 Animate Dead             Necr           51%        N/A       1%          4
 Dimensional Bullseye     Hex/Tloc       20%        N/A       1%          4
 Martyr's Knell           Necr/Summ      51%        N/A       1%          4
 Gell's Gravitas          Tloc           28%        N/A       2%          3
 Teleport Other           Tloc           28%        N/A       2%          3
 Momentum Strike          Conj/Tloc      36%        3d9       3%          2
 Freeze                   Ice            32%        1d5       6%          1
 Magic Dart               Conj           32%        1d4       6%          1
 Shock                    Conj/Air       32%        1d5       6%          1
 Leda's Liquefaction      Alch/Erth      15%        N/A       6%          4
 Summon Lightning Spire   Summ/Air       30%        N/A       6%          4
 Passage of Golubria      Tloc           28%        N/A       7%          4
 Searing Ray              Conj           16%        2d5       9%          2
 Static Discharge         Conj/Air       16%        3-4/arc   9%          2
 Death Channel            Necr           25%        N/A       9%          6
 Frozen Ramparts          Ice            16%        1d3       16%         3
 Hailstorm                Conj/Ice       8%         3d5       16%         3
 Ozocubu's Armour         Ice            8%         N/A       16%         3
 Swiftness                Air            8%         N/A       16%         3
 Metabolic Englaciation   Hex/Ice        15%        N/A       16%         5
 Silence                  Hex/Air        15%        N/A       16%         5
 Yara's Violent Unravell  Hex/Alch       15%        3d8       16%         5
 Enfeeble                 Hex            25%        N/A       43%         7
 Haunt                    Necr/Summ      25%        N/A       43%         7
 Monstrous Menagerie      Summ           25%        N/A       43%         7
 Summon Hydra             Summ           25%        N/A       43%         7
 Airstrike                Air            4%         2d(1-17)  45%         4
 Flame Wave               Conj/Fire      8%         2d5       45%         4
 Sticky Flame             Fire/Alch      8%         2d4       45%         4
 Bombard                  Conj/Erth      15%        9d3       61%         6
 Dispersal                Tloc           14%        N/A       69%         6
 Irradiate                Conj/Alch      4%         3d13      80%         5
 Iskenderun's Battlesphe  Conj           8%         2d6       80%         5
 Spellforged Servitor     Conj/Summ      15%        N/A       99%         7
 Sculpt Simulacrum        Ice/Alch       4%         N/A       100%        6
 Borgnjor's Revivificati  Necr           25%        N/A       98%         8
 Summon Horrible Things   Summ           25%        N/A       98%         8
 Lehudib's Crystal Spear  Conj/Erth      15%        10d5      100%        8
 Maxwell's Capacitive Co  Air            4%         ∞         100%        8
 Death's Door             Necr           25%        N/A       100%        9
 Dragon's Call            Summ           25%        N/A       100%        9


Dungeon Overview and Level Annotations

Branches:
Dungeon (15/15)            Temple (1/1) D:5            Lair (5/5) D:9
  Swamp (4/4) Lair:2       Spider (4/4) Lair:2        Slime (0/5) Lair:4
    Orc (2/2) D:11            Elf (3/3) Orc:2        Vaults (1/5) D:13
 Depths (0/4) D:15        Ossuary (visited)

Altars:
Ashenzari
Cheibriados
Dithmenos
Fedhas
Gozag
Hepliaklqana
Kikubaaqudgha
Makhleb
Nemelex Xobeh
Okawaru
Qazlal
Ru
Sif Muna
Trog
Uskayaw
Vehumet
Wu Jian
Xom
Yredelemnul
Jiyva

Shops:
D:2 [   D:6 :   D:15 =   Orc:2 :!:(

Portals:
Hell: Lair:5

Annotations:
D:3 exclusion: downstairs
D:7 exclusion: downstairs
D:8 exclusion: downstairs
D:11 exclusion: downstairs
D:13 exclusion: upstairs
D:15 exclusion: door
Lair:1 exclusion: downstairs
Swamp:3 exclusion: tyrant leech, Louise; Mlioglotl
Swamp:4 Lernaean hydra
Spider:1 exclusion: downstairs
Spider:2 3 runed translucent doors, exclusions: door and downstairs, Tacit's ghost, journeyman GrMo
Spider:4 exclusion: 2 doors
Orc:2 3 runed translucent doors, Poisondrake's ghost, journeyman MiHu
Elf:2 3 runed translucent doors, exclusion: 3 doors
Elf:3 exclusion: upstairs


Innate Abilities, Weirdness & Mutations

Your life essence is reduced to manifest your ancestor. (-10% HP)
You have hooves in place of feet.
You are surrounded by a moderate repulsion field. (EV +3)
You regenerate a lot of health from kills.
When hurt, damage is shared between your health and your magic reserves.
You regenerate magic rapidly.
Your presence sometimes corrodes those you injure.


Message History

Aula hits the yaktaur captain with a +0 dagger of draining!
Aula drains the yaktaur captain.
The yaktaur captain hits Aula.
The vault sentinel struggles to escape constriction.
You hear a shout!
The zombie hands constrict the vault sentinel.
The zombie hands constrict the yaktaur captain.
Aula hits the yaktaur captain with a +0 dagger of draining!!
Aula hits the yaktaur captain with a +0 dagger of draining!
The yaktaur captain dies!
The zombie hands lose their grip on something.
An ironbound convoker comes into view. It is wielding a +0 morningstar.
The ironbound convoker moves out of view.
The lindwurm breathes flames at you. The blast of flame hits you!
There is an open door here.
Aula hits the lindwurm with a +0 dagger of draining.
The lindwurm breathes flames at you. The blast of flame misses you.
The lindwurm roars!
The lindwurm breathes flames at you. The blast of flame hits you!!!
You block the lindwurm's attack. The lindwurm completely misses you.
The lindwurm closely misses you. The lindwurm attacks as it pursues you!
The lindwurm misses you. You block the lindwurm's attack. x2
The lindwurm attacks as it pursues you! You block the lindwurm's attack. x2
The lindwurm misses you.
There is an escape hatch in the floor here.
The lindwurm breathes flames at you. The blast of flame hits you!!
The lindwurm breathes flames at you. The blast of flame misses you.
The lindwurm breathes flames at you. The blast of flame misses you.
Are you sure you want to abandon this character and quit the game? (Confirm with "yes".)
Okay, then.
Unknown command.
Unknown command.
Unknown command.
Are you sure you want to abandon this character and quit the game? (Confirm with "yes".)

,,*
#...............:.....
,,*
#............####+####
***
#............#,,,,,,,*
#.R..........#,,,,,,,*
#.....kk.....#,,,,,,,*
#....k.......#,,,,,,,*
#....k.[.[...#,,,,,,,*
*****
#.......[....#,,,,,,,*
*,,,*
#....@..†....#,,,,,,,*
*,,,*
#............#,,,,,,,*
****+****
#............#,,,,,,,*
*,,,,,,,*
#............#,,,,,,,*
*⌠,,,,,⌠*
#............#,,,,,,,*
**,,,,,,,*
#....[.......#,,,,,,,*
*****+****
#..#+######..#***+*+**
* *,,,*
#.['......#...# *,,,*
* *,,,*
#..#......#...#**,,,**


You could see the friendly Aula the hexer and 4 lindwurms.

Vanquished Creatures
  Nikola (Swamp:2)
  2 deep elf master archers (Elf:3)
  A deep elf blademaster (Elf:3)
  3 deep elf sorcerers (Elf:3)
  A deep elf elementalist (Elf:3)
  2 ghost moths
  An orc warlord (Orc:1)
  2 ghouls (Swamp:3)
  An ironbound preserver (Vaults:1)
  A broodmother (Spider:1)
  2 deep elf demonologists (Elf:3)
  An eleionoma (Swamp:3)
  3 deep elf death magi (Elf:3)
  A deep elf annihilator (D:13)
  A bunyip (Swamp:1)
  4 spark wasps
  Azrael (D:13)
  Snorg (Lair:5)
  Fannar (D:11)
  4 deep elf high priests (Elf:3)
  2 entropy weavers (Spider:1)
  2 ice dragons (D:15)
  5 ogre magi
  A radroach (Spider:1)
  A peacekeeper (Vaults:1)
  A hell beast (Swamp:4)
  9 alligators
  11 hydras
  5 centaur warriors (D:13)
  2 boulder beetles
  A tengu warrior (D:15)
  9 two-headed ogres
  A dancing weapon (Elf:1)
  4 demonic crawlers (Spider:1)
  5 death yaks
  Amaemon (Lair:1)
  5 deep elf knights
  A sun demon (Lair:5)
  2 skysharks
  2 pharaoh ants (Spider:2)
  3 goliath frogs
  4 skeletal warriors
  2 large abominations (Swamp:4)
  An arcanist (Lair:5)
  2 bog bodies
  7 deep trolls
  4 orb spiders
  3 spriggan druids
  4 deep elf archers
  3 swamp dragons
  A sun moth (Spider:1)
  13 deep elf pyromancers
  Pikel (D:8)
  14 deep elf zephyrmancers
  14 steelbarb worms
  An oklob plant (Lair:1)
  2 orc knights (Orc:2)
  8 orc sorcerers
  14 wolf spiders
  7 cyclopes
  Maurice (Orc:2)
  A manticore (shapeshifter) (Elf:1)
  9 ugly things
  2 moths of wrath
  A meliai (shapeshifter) (D:14)
  2 will-o-the-wisps
  3 black mambas
  4 kobold blastminers
  3 elephants
  An orange demon (Swamp:4)
  A smoke demon (Lair:5)
  A gargoyle (D:9)
  5 torpor snails
  A cane toad (shapeshifter) (D:13)
  An unseen horror (D:12)
  Maggie (D:9)
  7 cane toads
  4 komodo dragons
  3 kobold demonologists (D:13)
  An efreet (D:14)
  A freezing wraith (D:13)
  4 rime drakes
  A yaktaur (Vaults:1)
  2 ice devils (Lair:5)
  5 tyrant leeches
  A bloated husk (Swamp:1)
  A red devil (Lair:5)
  A polar bear (Lair:5)
  A wolf spider simulacrum (D:14)
  7 trolls
  16 tarantellas
  11 blink frogs
  3 hornets
  4 dream sheep (Lair:5)
  16 jumping spiders
  19 culicivoras
  A shadow (Swamp:4)
  A centaur simulacrum (D:13)
  3 spriggans
  4 wyverns
  9 slime creatures
  4 basilisks
  3 fire elementals (D:13)
  4 water elementals
  Grum (D:9)
  2 ynoxinuls (D:11)
  26 yaks
  A basilisk (shapeshifter) (Elf:3)
  31 redbacks
  A warg (Orc:2)
  8 vampire mosquitoes
  11 water moccasins
  2 acid dragons (D:13)
  8 hell hounds
  10 swamp worms
  Duvessa (D:6)
  12 orc warriors
  A laughing skull (D:13)
  5 swamp drakes
  7 centaurs
  A crocodile (shapeshifter) (D:15)
  9 wolves
  18 ogres
  A lemure (D:7)
  A phantom (D:6)
  3 kobold brigands
  A necrophage (Swamp:4)
  9 bullfrogs
  4 scorpions
  Dowan (D:6)
  A burial acolyte (Ossuary)
  11 wights
  3 killer bees (D:10)
  4 electric eels
  3 howler monkeys
  A bombardier beetle (D:5)
  2 jellies (Lair:4)
  10 orc priests
  2 hounds
  3 iguanas
  2 hexers
  30 orc wizards
  A sleepcap (D:6)
  A nameless horror (Spider:3)
  3 gnolls (D:13)
  5 adders
  A shadow imp (D:6)
  2 white imps
  4 ufetubi
  A dart slug (D:2)
  2 ribbon worms
  65 orcs
  3 ball pythons
  3 bats
  6 endoplasms
  4 giant cockroaches
  8 goblins
  3 hobgoblins
  5 jackals
  14 kobolds
  4 quokkas
  4 frilled lizards
  4 gnoll skeletons (Ossuary)
  A goblin (shapeshifter) (D:13)
  3 kobold skeletons (Ossuary)
  2 orc skeletons (Ossuary)
  5 rats
  A spectral hobgoblin (D:1)
788 creatures vanquished.

Vanquished Creatures (collateral kills)
  A deep elf blademaster (Elf:3)
  A thorn hunter (Swamp:4)
  Donald (Elf:1)
  3 ghost moths
  A deep elf sorcerer (Elf:3)
  2 deep elf elementalists (Elf:3)
  A ghoul (Swamp:3)
  3 ironbound preservers
  7 deep elf annihilators
  2 deep elf demonologists (Elf:3)
  3 eleionomae
  5 deep elf death magi (Elf:3)
  A spark wasp (Spider:2)
  2 green deaths (Swamp:4)
  2 crystal guardians (Vaults:1)
  A deep elf high priest (Elf:3)
  A yaktaur captain (Vaults:1)
  3 entropy weavers
  7 hydras
  Erolcha (D:9)
  2 great orbs of eyes
  A catoblepas (D:13)
  4 alligators
  2 two-headed ogres
  A boulder beetle (D:13)
  Erica (D:9)
  7 death yaks
  2 centaur warriors
  8 dancing weapons
  A tengu warrior (D:15)
  5 demonic crawlers
  A deep elf knight (Elf:2)
  A skeletal warrior (D:13)
  A pharaoh ant (Spider:4)
  6 deep trolls
  A goliath frog (Swamp:3)
  4 orb spiders
  2 bog bodies
  3 swamp dragons
  5 deep elf archers
  9 deep elf pyromancers
  3 orc sorcerers (Orc:2)
  7 ugly things
  8 deep elf zephyrmancers
  7 wolf spiders
  2 will-o-the-wisps
  3 cyclopes
  2 manticores
  4 moths of wrath
  6 elephants
  7 cane toads
  4 torpor snails
  3 orange demons
  2 komodo dragons (Lair:4)
  An unseen horror (D:12)
  An ice devil (Lair:5)
  2 trolls
  4 blink frogs
  18 tarantellas
  3 hornets
  5 slime creatures
  2 air elementals (Elf:1)
  A jumping spider (Spider:1)
  5 culicivoras
  2 spriggans
  3 shadows
  3 water elementals
  A fire elemental (Orc:2)
  A wyvern (D:9)
  27 yaks
  3 basilisks
  A warg (Orc:1)
  2 vampire mosquitoes
  14 redbacks
  10 swamp worms
  6 water moccasins
  2 swamp drakes (Swamp:3)
  8 orc warriors
  A black bear (D:6)
  4 wolves
  3 centaurs
  2 ogres (Orc:2)
  4 bullfrogs
  A kobold brigand (D:13)
  A gnoll sergeant (D:13)
  2 scorpions (Lair:2)
  3 earth elementals
  7 wights
  4 killer bees
  A howler monkey (D:12)
  A bombardier beetle (D:5)
  2 jellies (Lair:4)
  4 orc priests
  An iguana (D:6)
  15 orc wizards
  A mummy (Ossuary)
  An adder (D:5)
  3 ufetubi (D:11)
  18 orcs
  A giant cockroach (Lair:2)
  4 gnoll skeletons (Ossuary)
  7 kobolds
  3 kobold skeletons (Ossuary)
  4 orc skeletons (Ossuary)
396 creatures vanquished.

Vanquished Creatures (others)
  A deep elf zephyrmancer (Elf:2)
  An ugly thing (D:14)
  A wight (D:6)
  3 orc wizards
  66 hexers
  3 ancestors
  18 foxfires
93 creatures vanquished.

Grand Total: 1277 creatures vanquished

Notes
Turn   | Place    | Note
-------+----------+-------------------------------------------
     0 | D:1      | belegose the Demonspawn Brigand began the quest for the
                  | Orb.
     0 | D:1      | Reached XP level 1. HP: 16/16 MP: 1/1
   321 | D:1      | Gained mutation: You have large cloven feet. [demonic
                  | ancestry]
   321 | D:1      | Reached XP level 2. HP: 22/22 MP: 2/2
   522 | D:1      | Found a faded altar of an unknown god.
   942 | D:2      | Gained mutation: You regenerate a little health from kills.
                  | [demonic ancestry]
   942 | D:2      | Reached XP level 3. HP: 27/27 MP: 3/3
  1024 | D:2      | Found an iron altar of Okawaru.
  1037 | D:2      | Reached skill level 1 in Shields
  1143 | D:2      | Found Jemozate's Armour Boutique.
  1990 | D:3      | Gained mutation: You have hoof-like feet. [demonic
                  | ancestry]
  1990 | D:3      | Reached XP level 4. HP: 22/33 MP: 4/4
  2596 | D:4      | Found a shimmering blue altar of Sif Muna.
  2665 | D:4      | Noticed a phantom
  3231 | D:4      | Found an ornate altar of the Wu Jian Council.
  3252 | D:4      | Reached XP level 5. HP: 38/38 MP: 5/5
  3528 | D:5      | Entered Level 5 of the Dungeon
  3702 | D:5      | Found a staircase to the Ecumenical Temple.
  3725 | Temple   | Entered the Ecumenical Temple
  3733 | Temple   | Became a worshipper of Hepliaklqana the Forgotten
  3766 | D:5      | Found a stormy altar of Qazlal.
  3880 | D:5      | Found an opulent altar of Gozag.
  3941 | D:5      | Reached skill level 5 in Stealth
  3941 | D:5      | Reached skill level 1 in Invocations
  3941 | D:5      | Gained mutation: You have hooves in place of feet. [demonic
                  | ancestry]
  3941 | D:5      | Reached XP level 6. HP: 40/44 MP: 6/6
  4210 | D:5      | Reached * piety under Hepliaklqana
  5093 | D:6      | Noticed Duvessa
  5093 | D:6      | Noticed Dowan
  5104 | D:6      | Killed Duvessa
  5105 | D:6      | Reached XP level 7. HP: 39/45 MP: 9/9
  5184 | D:6      | Killed Dowan
  5326 | D:6      | Found a sand-covered staircase.
  5335 | Ossuary  | Entered an ossuary
  5632 | Ossuary  | Found an ancient bone altar of Kikubaaqudgha.
  6013 | D:6      | Reached XP level 8. HP: 49/52 MP: 11/11
  6202 | D:6      | Found a shimmering altar of Xom.
  6202 | D:6      | Found a broken altar of Ashenzari.
  6247 | D:6      | Found Atuwno Cuca's Book Shoppe.
  6290 | D:6      | Reached skill level 5 in Invocations
  6290 | D:6      | Reached skill level 1 in Evocations
  6713 | D:6      | Reached skill level 1 in Dodging
  6858 | D:7      | Reached ** piety under Hepliaklqana
  6871 | D:7      | Remembered your ancestor Aula as a hexer
  6905 | D:7      | Reached skill level 1 in Armour
  7346 | D:5      | Reached XP level 9. HP: 15/54 MP: 13/13
  8066 | D:7      | Found an ancient bone altar of Kikubaaqudgha.
  8349 | D:8      | Noticed Pikel
  8607 | D:8      | Killed Pikel
  9074 | D:8      | Found a sacrificial altar of Ru.
 10120 | D:9      | Gained mutation: You are surrounded by a mild repulsion
                  | field. (EV +2) [demonic ancestry]
 10120 | D:9      | Reached XP level 10. HP: 63/63 MP: 14/14
 10286 | D:8      | Reached skill level 5 in Throwing
 10361 | D:9      | Found a staircase to the Lair.
 10362 | D:9      | Noticed Erica
 10372 | D:9      | Killed Erica
 10373 | D:9      | Noticed Maggie
 10569 | D:9      | Killed Maggie
 10570 | D:9      | Reached skill level 10 in Stealth
 10756 | D:9      | Reached skill level 1 in Long Blades
 11069 | D:9      | Found a burning altar of Makhleb.
 11172 | D:9      | Noticed Erolcha
 11191 | D:9      | Killed Erolcha
 11673 | D:10     | Entered Level 10 of the Dungeon
 11673 | D:10     | Reached *** piety under Hepliaklqana
 11730 | D:10     | Noticed Grum
 11742 | D:10     | Noticed a gargoyle
 11785 | D:10     | Noticed a two-headed ogre
 11803 | D:9      | Reached XP level 11. HP: 47/69 MP: 15/15
 11928 | D:9      | Killed Grum
 12158 | D:9      | Killed a two-headed ogre
 12159 | D:9      | Reached skill level 5 in Long Blades
 12159 | D:9      | Reached skill level 5 in Dodging
 12289 | D:10     | Found a snail-covered altar of Cheibriados.
 12505 | D:10     | Found a shadowy altar of Dithmenos.
 12702 | D:11     | Noticed a brown ugly thing
 12703 | D:11     | Killed a brown ugly thing
 12774 | Lair:1   | Entered Level 1 of the Lair of Beasts
 12789 | Lair:1   | Noticed an oklob plant
 13151 | Lair:1   | Noticed Amaemon
 13466 | Lair:1   | Reached **** piety under Hepliaklqana
 13830 | Lair:1   | Killed Amaemon
 14073 | Lair:1   | Reached skill level 5 in Fighting
 14364 | Lair:1   | Reached skill level 5 in Evocations
 14558 | Lair:1   | Killed an oklob plant
 14559 | Lair:1   | Identified the +6 short sword of Dividends {drain, ^Drain
                  | rElec rF+ Dex+4}
 14798 | Lair:1   | Reached XP level 12. HP: 69/77 MP: 16/16
 15146 | Lair:2   | Found a hole to the Spider Nest.
 16173 | Lair:2   | Found a staircase to the Swamp.
 17006 | Lair:3   | Found the +8 Wrath of Trog {antimagic, *Rage Rampage}
 17339 | Lair:3   | Reached ***** piety under Hepliaklqana
 17491 | Lair:2   | Reached skill level 5 in Armour
 17830 | Lair:3   | Noticed a seven-headed hydra
 18458 | Lair:3   | Killed a five-headed hydra
 18736 | Lair:4   | Noticed a five-headed hydra
 18748 | Lair:4   | Killed a five-headed hydra
 18888 | Lair:4   | Noticed a death yak
 18902 | Lair:4   | Noticed a death yak
 18903 | Lair:4   | Noticed a death yak
 18906 | Lair:4   | Noticed a death yak
 19062 | Lair:4   | Found a staircase to the Slime Pits.
 19062 | Lair:4   | Found a viscous altar of Jiyva.
 19516 | Lair:4   | Gained mutation: You regenerate magic rapidly. [demonic
                  | ancestry]
 19516 | Lair:4   | Reached XP level 13. HP: 70/85 MP: 18/18
 21069 | D:11     | Learned a level 5 spell: Borgnjor's Vile Clutch
 21189 | D:11     | Found a staircase to the Orcish Mines.
 21363 | D:11     | Noticed Fannar
 21521 | D:11     | Killed Fannar
 21522 | D:11     | Reached skill level 1 in Spellcasting
 21522 | D:11     | Reached skill level 1 in Earth Magic
 22037 | Orc:1    | Entered Level 1 of the Orcish Mines
 22302 | Orc:1    | You are sucked into a shaft and drop 1 floor!
 22302 | Orc:2    | Entered Level 2 of the Orcish Mines
 23128 | D:12     | Identified the +7 broad axe of Ragnarok {antimagic, rElec
                  | Will- Str+4}
 23573 | Lair:5   | Entered Level 5 of the Lair of Beasts
 23620 | Lair:4   | Reached skill level 10 in Invocations
 24468 | D:13     | Paralysed by an ogre mage for 5 turns
 24606 | D:13     | Paralysed by an ogre mage for 5 turns
 24906 | D:13     | Noticed a deep elf annihilator
 24959 | D:13     | Killed a deep elf annihilator
 25911 | D:12     | Gained mutation: When hurt, damage is shared between your
                  | health and your magic reserves. [demonic ancestry]
 25911 | D:12     | Reached XP level 14. HP: 31/97 MP: 21/21
 27076 | D:13     | Found a gate to the Vaults.
 27285 | D:13     | Noticed Azrael
 27314 | D:13     | Killed Azrael
 27921 | D:13     | Reached skill level 5 in Earth Magic
 27933 | D:13     | Reached skill level 5 in Spellcasting
 27975 | D:13     | Reached skill level 10 in Fighting
 28970 | D:14     | Learned a level 3 spell: Call Canine Familiar
 29045 | D:14     | Reached skill level 1 in Summonings
 29807 | D:14     | Found a blossoming altar of Fedhas.
 31408 | Lair:4   | Found a staircase to the Slime Pits.
 31662 | Lair:4   | Reached skill level 5 in Summonings
 31956 | Lair:5   | Gained mutation: Your presence sometimes corrodes those you
                  | injure. [demonic ancestry]
 31956 | Lair:5   | Reached XP level 15. HP: 102/103 MP: 23/25
 32003 | Lair:4   | Learned a level 5 spell: Summon Mana Viper
 32065 | Lair:4   | Reached skill level 1 in Hexes
 32166 | Lair:5   | Noticed Snorg
 32200 | Lair:5   | Killed Snorg
 33286 | Lair:5   | Found a burning altar of Makhleb.
 33384 | Lair:5   | Reached skill level 5 in Hexes
 33384 | Lair:5   | Found a gateway to Hell.
 33749 | Orc:2    | Noticed Maurice
 33799 | Orc:2    | Killed Maurice
 34805 | Orc:2    | Found a staircase to the Elven Halls.
 34860 | Orc:2    | Found a runed translucent gate.
 34876 | Orc:2    | Found a runed translucent gate.
 34876 | Orc:2    | Found a runed translucent gate.
 34879 | Orc:2    | Noticed Poisondrake's ghost (journeyman MiHu)
 36458 | Orc:2    | Found a radiant altar of Vehumet.
 36505 | Orc:2    | Found Doiru's Antique Weapon Shop.
 36535 | Orc:2    | Found an ancient bone altar of Kikubaaqudgha.
 36656 | Orc:2    | Found Utwic's Distillery.
 36665 | Orc:2    | Bought a potion of curing for 36 gold pieces
 36665 | Orc:2    | Bought a potion of curing for 36 gold pieces
 36710 | Orc:2    | Reached skill level 10 in Dodging
 36834 | Orc:2    | Found Koeri's Book Shop.
 36837 | Orc:2    | Found Saonec's Book Boutique.
 37093 | Orc:2    | Bought a potion of resistance for 120 gold pieces
 37093 | Orc:2    | Bought a potion of resistance for 120 gold pieces
 37093 | Orc:2    | Bought a potion of lignification for 36 gold pieces
 37301 | D:15     | Entered Level 15 of the Dungeon
 37398 | D:15     | Reached skill level 1 in Necromancy
 37542 | D:15     | Found a hide-covered altar of Uskayaw.
 37914 | D:15     | Found Abber's Jewellery Emporium.
 37921 | D:15     | Bought a ring of poison resistance for 340 gold pieces
 37921 | D:15     | Bought the ring "Buyrgh" {*Slow Will+ rCorr Int+3 Dex+3}
                  | for 758 gold pieces
 38035 | D:15     | Reached ****** piety under Hepliaklqana
 38222 | D:15     | Identified the +2 spear of the Cursing Sybil {holy, rElec
                  | rC++ rCorr}
 38369 | D:15     | Reached skill level 5 in Necromancy
 38664 | D:15     | Found a staircase to the Depths.
 38666 | D:15     | Reached XP level 16. HP: 101/109 MP: 24/26
 38960 | Swamp:1  | Entered Level 1 of the Swamp
 39445 | Swamp:2  | Noticed Nikola
 39901 | Swamp:2  | Killed Nikola
 41344 | Swamp:3  | Reached skill level 10 in Evocations
 41367 | Swamp:3  | Noticed Mlioglotl
 41728 | Swamp:3  | Noticed Louise
 42016 | Swamp:4  | Entered Level 4 of the Swamp
 44019 | Swamp:4  | Noticed a thorn hunter
 44086 | Swamp:4  | Killed a thorn hunter
 44982 | Swamp:4  | Reached skill level 10 in Hexes
 44982 | Swamp:4  | Gained mutation: You are surrounded by a moderate repulsion
                  | field. (EV +3) [demonic ancestry]
 44982 | Swamp:4  | Reached XP level 17. HP: 115/115 MP: 27/27
 45019 | Swamp:4  | Reached skill level 10 in Summonings
 45079 | Swamp:4  | Got a decaying rune of Zot
 45201 | Swamp:4  | Noticed the 27-headed Lernaean hydra
 45804 | Spider:1 | Entered Level 1 of the Spider Nest
 51442 | Spider:2 | Found a runed translucent gate.
 51447 | Spider:2 | Found a runed translucent gate.
 51447 | Spider:2 | Found a runed translucent gate.
 51449 | Spider:2 | Noticed Tacit's ghost (journeyman GrMo)
 52785 | Spider:3 | Learned a level 2 spell: Blink
 53219 | Spider:2 | Reached skill level 1 in Translocations
 53341 | Spider:3 | Identified the +0 ring mail "Cuteen" {Regen+ Str-5 Int+6}
 53700 | Spider:3 | Identified the +3 leather armour "Patonu" {^Contam Fly
                  | rPois rN+++}
 53895 | Spider:4 | Entered Level 4 of the Spider Nest
 55054 | Spider:4 | Gained mutation: You regenerate health from kills. [demonic
                  | ancestry]
 55054 | Spider:4 | Reached XP level 18. HP: 120/120 MP: 30/30
 56129 | Spider:4 | Reached skill level 10 in Necromancy
 56410 | Elf:1    | Entered Level 1 of the Elven Halls
 57688 | Elf:1    | Reached skill level 5 in Translocations
 58053 | Elf:1    | Got Onely's Lectures on the Barrage
 58277 | Elf:1    | Learned a level 5 spell: Lee's Rapid Deconstruction
 58668 | Elf:1    | Paralysed by an air elemental for 1 turns
 58974 | D:15     | Bought a ring of protection from fire for 425 gold pieces
 60239 | Elf:1    | Reached skill level 10 in Earth Magic
 60366 | Elf:1    | Paralysed by an air elemental for 1 turns
 60368 | Elf:1    | Paralysed by an air elemental for 1 turns
 60368 | Elf:1    | Noticed Donald
 60380 | Elf:1    | Killed Donald
 60616 | Elf:2    | Found a runed translucent gate.
 60616 | Elf:2    | Found a runed translucent gate.
 60616 | Elf:2    | Found a runed translucent gate.
 60651 | Elf:3    | Entered Level 3 of the Elven Halls
 60705 | Elf:2    | Identified the +2 leather armour of Berr {rElec rC+ Regen+
                  | Dex+2}
 61762 | Elf:3    | Found a radiant altar of Vehumet.
 62288 | Elf:3    | Reached skill level 5 in Shields
 63959 | Elf:3    | Identified the ring of Mistrust {Dex+3 SInv}
 64291 | Elf:3    | Identified the ring "Ijur" {^Contam rElec rN+ MP+9}
 64299 | Elf:3    | Gained mutation: You regenerate a lot of health from kills.
                  | [demonic ancestry]
 64299 | Elf:3    | Reached XP level 19. HP: 116/118 MP: 12/31
 64678 | Elf:3    | Identified the ring of Dugewn {Fly Dex+3}
 65286 | Elf:3    | Got Kiqe's Codex of Bones
 65288 | Elf:3    | Got the Spellbook of the Gathering
 65346 | Elf:3    | Got Wipua's Secrets of Assistive Conduction
 65524 | Elf:3    | Learned a level 3 spell: Tukima's Dance
 65529 | Elf:3    | Learned a level 4 spell: Dispel Undead
 65778 | Vaults:1 | Entered Level 1 of the Vaults
 66165 | Vaults:1 | Reached skill level 10 in Shields
 66185 | Vaults:1 | Quit the game

Illustrated notes

Levels and vault maps discovered:
D:1:      mainiacjoe_arrival_oval_in_oval, layout_basic,
          dreamdust_ecumenical_altar_drowned_temple, hex_medium,
          chequers_serial_rivers_micro_d, hangedman_abyss_or_decor_stabs
D:2:      layout_basic, basic_altar, serial_shops,
          nicolae_shop_just_a_little_nook, small_statue_intersection
D:3:      layout_basic
D:4:      layout_rooms, led_sif_pool, nicolae_wu_jian_wuxing_cycle
D:5:      nicolae_cairo_tiling_very_big, layout_loops_ring,
          grunt_temple_overflow_gold_and_silver, grunt_qazlal_clouds,
          minmay_temple_entry_mist
D:6:      layout_rooms, gammafunk_temple_overflow_elements, enter_ossuary_1,
          serial_shops, shop, uniq_duvessa
D:7:      layout_loops_ring, mainiacjoe_overflow_alcove_4
D:8:      layout_basic, mainiacjoe_overflow_alcove_1, uniq_pikel
D:9:      layout_loops_ring, mainiacjoe_overflow_chevrons,
          minmay_lair_entry_grove, uniq_erica, uniq_maggie, uniq_erolcha
D:10:     layout_rooms, grunt_dithmenos_smoke,
          mainiacjoe_overflow_small_starburst, uniq_grum
D:11:     layout_basic, david_orc_4, nicolae_two_hexagons, nicolae_fort_ynox,
          uniq_fannar
D:12:     hangedman_arrow_trap, layout_basic, dk_noncrumbling_2
D:13:     evilmike_horseshoe, layout_basic, david_vaults_1,
          kennysheep_kite_vault, uniq_azrael
D:14:     layout_gridville, fedhas_altar_1
D:15:     grunt_enter_depths_hoard, layout_loops_corners, serial_shops,
          nicolae_shop_tiny_waterfront, nicolae_uskayaw_en_pointe
Temple:   nicolae_temple_bog_church
Lair:1:   minmay_lair_oklob_chamber, layout_chaotic_city, uniq_amaemon
Lair:2:   layout_loops_ring, minmay_swamp_entry_worms,
          nicolae_spider_entry_non_spiders, lemuel_fruit_tree,
          grunt_megastairs_2, serial_bayou_shore_b, serial_bayou_shore_a
Lair:3:   cheibrodos_lair_river_kwai, layout_loops_ring
Lair:4:   layout_small_grid, nicolae_slime_entry_field_trip, patterned_corridor
Lair:5:   evil_forest, layout_misc_corridors, st_stairs_5, uniq_snorg
Swamp:1:  layout_falls_marsh, serial_swamp_ruin, evilmike_swamp_ruin_house_1,
          evilmike_swamp_ruin_rubble_1, hangedman_swamp_ruin_wall
Swamp:2:  layout_basic_swamp, evilmike_swamp_ruin_wall, swamp_pool_5,
          uniq_nikola
Swamp:3:  layout_basic_swamp, evilmike_swamp_ruin_house_4, swamp_pool_5,
          infiniplex_staircase_pool, uniq_louise, uniq_mlioglotl
Swamp:4:  swamp_vile, layout_basic_swamp, nicolae_swamp_decorative_isthmus
Spider:1: layout_spider_delve
Spider:2: layout_spider_delve, gammafunk_ghost_tricky_traps
Spider:3: layout_spider_delve
Spider:4: spider_rune_water, hangedman_spider_tarantella_strand
Orc:1:    layout_caves, serial_shops, nicolae_orc_flooded_monolith,
          nicolae_orc_hostile_takeover
Orc:2:    kennysheep_orc_mage_school, layout_caves,
          maelrawn_ghost_gauntlet_escape, uniq_maurice
Elf:1:    nicolae_elf_arrival_fired_up, layout_gridlike,
          minmay_elf_annihilation, grunt_ministairs_15, uniq_donald
Elf:2:    elven_hall_of_blades_hangedman_original [nooodl_blade_entry_preview],
          layout_loops_cross
Elf:3:    minmay_elf_hall_x, layout_gridlike, basic_altar
Vaults:1: vaults_room_corners, nicolae_vaults_gold_heap,
          vaults_room_grunt_arrival_checkpoint, v_alt_pattern_6,
          nicolae_vaults_circle_grid_a, v_misc_12, vaults_dpeg_doors,
          vaults_mumra_minichess, nicolae_vaults_stepped_doors,
          nicolae_vaults_tetromino_L_2, vaults_mumra_bighexcomb,
          vaults_mumra_lcd, layout_vaults_omnibox, serial_shops, bzr_in_the_mist

Skill      XL: |  1  2  3  4  5  6  7  8  9 10 11 12 13 14 15 16 17 18 19 |
---------------+----------------------------------------------------------+-----
Short Blades   | 2 3 4 |  4.0
Stealth        | 4 5 6 7 9 10 | 10.0
Shields        | 1 2 3 4 7 10 | 10.0
Invocations    | 1 3 4 6 7 10 | 10.0
Fighting       | 3 4 5 6 9 10 | 10.0
Evocations     | 3 4 5 8 10 | 10.0
Dodging        | 2 4 6 7 10 | 10.0
Armour         | 2 4 7 |  7.0
Throwing       | 4 6 7 |  7.1
Long Blades    | 4 6 7 8 9 |  9.6
Spellcasting   | 3 7 8 |  8.0
Earth Magic    | 3 5 8 11 | 11.0
Summonings     | 5 6 9 11 | 11.0
Hexes          | 6 10 11 | 11.0
Necromancy     | 5 6 9 11 | 11.0
Translocations | 3 5 |  5.0

Action                     |  1- 3 |  4- 6 |  7- 9 | 10-12 | 13-15 | 16-18 | 19-21 || total
---------------------------+-------+-------+-------+-------+-------+-------+-------++-------
  Melee: Dagger            |    93 |   161 |   150 |   212 |    15 |   570 |     6 ||  1207
         Kick              |     9 |    20 |    82 |   204 |   440 |   445 |    30 ||  1230
         Mace              |       |       |    38 |       |       |       |       ||    38
         Scimitar          |       |       |    41 |   267 |   979 |   424 |    47 ||  1758
         Broad axe         |       |       |       |       |     1 |     1 |       ||     2
         Rapier            |       |       |       |       |       |    10 |       ||    10
         Unarmed           |       |       |       |       |       |     3 |       ||     3
  Throw: Stone             |    10 |     7 |    23 |     9 |    10 |       |       ||    59
         Dart              |     2 |    28 |     6 |    60 |   144 |   200 |       ||   440
         Boomerang         |       |     6 |    25 |    20 |    69 |       |       ||   120
         Javelin           |       |       |       |       |       |     3 |       ||     3
   Cast: Call Canine Famil |       |       |       |       |     2 |    34 |     4 ||    40
         Summon Mana Viper |       |       |       |       |       |    58 |    12 ||    70
         Borgnjor's Vile C |       |       |       |       |       |   106 |    21 ||   127
         Lee's Rapid Decon |       |       |       |       |       |    26 |     4 ||    30
         Blink             |       |       |       |       |       |       |     2 ||     2
 Invoke: Recall Ancestor   |       |     3 |    30 |    33 |    90 |    63 |     6 ||   225
         Ancestor Life: He |       |       |     1 |       |       |       |       ||     1
         Idealise          |       |       |       |       |     3 |     7 |       ||    10
  Evoke: Wand              |       |     1 |     2 |    32 |    61 |    35 |       ||   131
    Use: Scroll            |       |     8 |     8 |    10 |     7 |     3 |     2 ||    38
         Potion            |       |       |     2 |     3 |       |     2 |       ||     7
   Stab: Sleeping          |    10 |     1 |     4 |     3 |     3 |     8 |       ||    29
         Distracted        |     1 |     1 |     5 |     5 |    26 |    21 |     1 ||    60
         Confused          |       |       |     3 |    18 |    32 |    31 |     5 ||    89
         Paralysed         |       |       |       |       |    70 |    96 |     7 ||   173
 Armour: Robe              |    51 |       |       |       |       |       |       ||    51
         Ring mail         |       |    86 |    25 |       |       |       |       ||   111
         Leather armour    |       |       |   108 |    13 |     3 |    71 |    63 ||   258
         Acid dragon scale |       |       |       |   217 |   181 |       |       ||   398
         Troll leather arm |       |       |       |       |   449 |    39 |       ||   488
         Swamp dragon scal |       |       |       |       |       |   791 |       ||   791
         Skin              |       |       |       |       |       |     1 |       ||     1
  Dodge: Dodged            |    40 |    54 |    87 |   307 |   798 |  1016 |    72 ||  2374
  Block: Buckler           |     5 |    25 |    41 |   109 |   218 |   276 |    27 ||   701
